 Dungeon Crawl Stone Soup version 0.31-a0-507-gbafd7f5274 (webtiles) character file.

Game seed: 11267003436938285035

3768 innerfire43 the Grappler (level 10, -1/76 HPs)
             Began as a Gnoll Shapeshifter on Aug 9, 2023.
             Slain by a troll (6 damage)
             ... on level 7 of the Dungeon.
             The game lasted 00:08:16 (4976 turns).

innerfire43 the Grappler (Gnoll Shapeshifter)       Turns: 4976, Time: 00:08:17

Health: -1/76      AC: 15    Str: 18      XL:     10   Next: 16%
Magic:  17/17      EV: 14    Int: 11 (12) God:
Gold:   167        SH:  0    Dex: 15 (18) Spells: 19/19 levels left

rFire   . .          .
                       - Unarmed
rCold   . . .        (shield currently unavailable)
rNeg    . . .        s - +4 ring mail of Context {Int+3}
rPois   .            (no helmet)
rElec   .            y - +0 cloak
rCorr   .            (no gloves)
SInv    .            (no boots)
Will    +....        h - amulet of the acrobat
Stlth   +            e - +4 ring of protection
HPRegen 0.32/turn    C - +6 ring of dexterity
MPRegen 0.15/turn

%: acrobat
@: flux-form, attractive, enlightened, flying, hasted, glowing, very quick
A: glow, contaminating, fangs 1, strong nose, distributed training
a: Begin Untransformation


You were on level 7 of the Dungeon.
You were something dangerously unstable.
You visited 2 branches of the dungeon, and saw 8 of its levels.

You collected 353 gold pieces.
You spent 186 gold pieces at shops.

Inventory:

Armour
 a - a +0 animal skin
 s - the +4 ring mail of Context (worn) {Int+3}
   (You found it on level 3 of the Dungeon)

   Int+3:     It affects your intelligence (+3).
 y - a +0 cloak (worn)
Jewellery
 e - a +4 ring of protection (left hand)
 h - an amulet of the acrobat (around neck)
 C - a +6 ring of dexterity (right hand)
Talismans
 c - a beast talisman
 d - a flux talisman (active)
Wands
 m - a wand of digging (1)
 z - a wand of acid (7)
 A - a wand of iceblast (3)
 B - a wand of charming (11)
 D - a wand of flame (17)
Scrolls
 g - a scroll of torment {unknown}
 i - 4 scrolls of enchant armour {unknown}
 l - 3 scrolls of enchant weapon {unknown}
 n - 7 scrolls of identify {unknown}
 p - a scroll of amnesia {unknown}
 q - 4 scrolls of teleportation {unknown}
 r - 3 scrolls of blinking {unknown}
 t - a scroll of butterflies {unknown}
 x - 5 scrolls of poison {unknown}
Potions
 b - a potion of lignification
 f - 2 potions of brilliance
 j - a potion of invisibility {unknown}
 k - a potion of curing
 w - a potion of degeneration


   Skills:
 + Level 5.8 Fighting
 + Level 5.1 Short Blades
 + Level 5.1 Long Blades
 + Level 5.1 Axes
 + Level 5.1 Maces & Flails
 + Level 5.1 Polearms
 + Level 5.1 Staves
 + Level 5.1 Ranged Weapons
 + Level 5.1 Throwing
 + Level 5.1 Armour
 + Level 6.9 Dodging
 + Level 5.1 Stealth
 + Level 5.1 Shields
 + Level 8.4 Unarmed Combat
 + Level 5.1 Spellcasting
 + Level 4.2 Conjurations
 + Level 4.2 Hexes
 + Level 4.2 Summonings
 + Level 4.2 Necromancy
 + Level 4.2 Translocations
 + Level 4.2 Transmutations
 + Level 4.2 Fire Magic
 + Level 4.2 Ice Magic
 + Level 4.2 Air Magic
 + Level 4.2 Earth Magic
 + Level 4.2 Poison Magic
 + Level 5.6 Invocations
 + Level 5.1 Evocations
 + Level 7.9 Shapeshifting


You had 19 spell levels left.
You didn't know any spells.
Your spell library contained the following spells:

 Spells                   Type           Power      Damage    Failure   Level
 Apportation              Tloc           24%        N/A       6%          1
 Necrotise                Necr           48%        1d6       6%          1
 Shock                    Conj/Air       48%        1d6       6%          1
 Summon Small Mammal      Summ           48%        N/A       6%          1
 Blink                    Tloc           24%        N/A       10%         2
 Ensorcelled Hibernation  Hex/Ice        24%        N/A       10%         2
 Lesser Beckoning         Tloc           24%        N/A       10%         2
 Momentum Strike          Conj/Tloc      24%        3d8       10%         2
 Passwall                 Tmut/Erth      10%        N/A       10%         2
 Swiftness                Air            12%        N/A       19%         3
 Vhi's Electric Charge    Tloc/Air       24%        N/A       19%         3
 Airstrike                Air            6%         2d(1-17)  52%         4
 Alistair's Intoxication  Tmut/Pois      8%         N/A       86%         5
 Arcjolt                  Conj/Air       6%         1d16      86%         5
 Borgnjor's Vile Clutch   Necr/Erth      6%         N/A       86%         5
 Eringya's Noxious Bog    Tmut/Pois      6%         4d6       100%        6
 Maxwell's Capacitive Co  Air            6%         ∞         100%        8


Dungeon Overview and Level Annotations

Branches:
Dungeon (7/15)             Temple (1/1) D:4

Altars:
Cheibriados
Elyvilon
Fedhas
Gozag
Hepliaklqana
Kikubaaqudgha
Makhleb
Nemelex Xobeh
Ru
Sif Muna
Trog
Uskayaw
Vehumet
Xom
Yredelemnul
Zin
The Shining One

Shops:
D:7 *


Innate Abilities, Weirdness & Mutations

You are something dangerously unstable.
You glow with magical radiation, making you easy to see and hit.
Foes you strike become dangerously contaminated with magical radiation.
You are incapable of wielding weapons or throwing items.
You have very sharp teeth.
Your uncanny sense of smell can sniff out nearby items.
Your experience applies equally to all skills.


Message History

You hit the water moccasin but do no damage.
The water moccasin begins to glow.
The water moccasin is heavily wounded.
The water moccasin completely misses you.
You hit the water moccasin.
The water moccasin glows dangerously bright.
Your bite misses the water moccasin.
The water moccasin is heavily wounded.
The water moccasin barely misses you.
You closely miss the water moccasin.
The water moccasin is heavily wounded.
The sky beast flickers out of sight!
Deactivating autopickup; reactivate with Ctrl-A.
You hit the water moccasin.
The water moccasin shudders as magic cascades through it!
The water moccasin twists and deforms.
The water moccasin is almost dead.
The water moccasin barely misses you.
You hit the water moccasin.
The water moccasin begins to glow.
The water moccasin is almost dead.
The water moccasin bites you but does no damage.
The orc warrior is attracted toward you.
The iguana is attracted toward you.
You hit the water moccasin.
You kill the water moccasin!
The troll is attracted toward you.
You feel your strength returning.
You hit the troll.
The troll begins to glow.
The troll is lightly wounded.
The troll bites you but does no damage. The troll claws you but does no damage.
The troll claws you!
* * * LOW HITPOINT WARNING * * *
The orc warrior is attracted toward you.
You completely miss the troll.
Unknown command.
You hit the troll but do no damage.
The troll glows dangerously bright.
You bite the troll.
The troll is lightly wounded.
The black bear stops glowing.
The troll bites you.
You die...

)...............####.
................#.#.#
..............#...#.#
∆
...##.##....###.#.#)#∆
#.## .♣#...# #.##.## ∆
# ### ##..# #.###.##
.### ..# #.# #..#
h...# #
#.####h##V5.}.# ##.
#.BTho{l5z|Y).. #.#
#.##o####cof).# #.#
... #..# lh..# #.#
...#. ##.# z### #.#
.)..... ∆ .. o. #)#
.... .. ##. ∆ ## #.#
... ... #. ∆ ∆ #.# ...
... ## ∆ #.#


You could see a troll (heavy contam), a vampire, an orc warrior, a black bear, a
centaur, a howler monkey, an iguana, a wight, a shadow imp and an orc.

Vanquished Creatures
  A two-headed ogre (D:7)
  A hornet (D:7)
  Prince Ribbit (D:6)
  Grinder (D:5)
  A shadow (D:7)
  A wyvern (D:7)
  A vampire mosquito (D:7)
  An acid dragon (D:7)
  3 water moccasins
  A sky beast (D:6)
  2 centaurs
  A bullfrog (D:6)
  4 scorpions
  8 wights (D:7)
  4 killer bees (D:7)
  An orc priest (D:3)
  7 hounds
  A gnoll bouda (D:6)
  A jelly (D:5)
  2 iguanas
  2 sleepcaps
  An orc wizard (D:3)
  6 gnolls
  4 adders
  A shadow imp (D:7)
  2 white imps
  2 worms
  3 dart slugs
  16 orcs
  5 ball pythons
  3 bats
  7 endoplasms
  3 giant cockroaches
  2 goblins
  7 hobgoblins
  2 jackals (D:1)
  5 kobolds
  2 quokkas
  5 frilled lizards
  5 rats
126 creatures vanquished.

Notes
Turn   | Place    | Note
-------+----------+-------------------------------------------
     0 | D:1      | innerfire43 the Gnoll Shapeshifter began the quest for the
                  | Orb.
     0 | D:1      | Reached XP level 1. HP: 17/17 MP: 1/1
    54 | D:1      | Reached XP level 2. HP: 11/23 MP: 2/2
   540 | D:1      | Reached XP level 3. HP: 24/28 MP: 3/3
   770 | D:2      | Reached skill level 1 in Invocations
   944 | D:2      | Reached skill level 1 in Short Blades
   944 | D:2      | Reached skill level 1 in Long Blades
   944 | D:2      | Reached skill level 1 in Axes
   944 | D:2      | Reached skill level 1 in Maces & Flails
   944 | D:2      | Reached skill level 1 in Polearms
   944 | D:2      | Reached skill level 1 in Staves
   944 | D:2      | Reached skill level 1 in Ranged Weapons
   944 | D:2      | Reached skill level 1 in Throwing
   944 | D:2      | Reached skill level 1 in Armour
   944 | D:2      | Reached skill level 1 in Stealth
   944 | D:2      | Reached skill level 1 in Shields
   944 | D:2      | Reached skill level 1 in Spellcasting
   944 | D:2      | Reached skill level 1 in Evocations
  1259 | D:3      | Identified the +4 ring mail of Context {Int+3}
  1376 | D:3      | Reached XP level 4. HP: 20/34 MP: 5/5
  1383 | D:3      | Reached skill level 1 in Conjurations
  1383 | D:3      | Reached skill level 1 in Hexes
  1383 | D:3      | Reached skill level 1 in Summonings
  1383 | D:3      | Reached skill level 1 in Necromancy
  1383 | D:3      | Reached skill level 1 in Translocations
  1383 | D:3      | Reached skill level 1 in Transmutations
  1383 | D:3      | Reached skill level 1 in Fire Magic
  1383 | D:3      | Reached skill level 1 in Ice Magic
  1383 | D:3      | Reached skill level 1 in Air Magic
  1383 | D:3      | Reached skill level 1 in Earth Magic
  1383 | D:3      | Reached skill level 1 in Poison Magic
  1551 | D:3      | Reached XP level 5. HP: 35/40 MP: 6/6
  2202 | D:4      | Found a bloodstained altar of Trog.
  2208 | D:4      | Found a staircase to the Ecumenical Temple.
  2212 | D:4      | Reached XP level 6. HP: 47/47 MP: 8/8
  2296 | Temple   | Entered the Ecumenical Temple
  2693 | D:4      | Found a hazy altar of Hepliaklqana.
  2703 | D:4      | Reached skill level 5 in Dodging
  2879 | D:5      | Entered Level 5 of the Dungeon
  2926 | D:5      | Noticed Grinder
  2932 | D:5      | Killed Grinder
  2933 | D:5      | Reached skill level 7 in Unarmed Combat
  2933 | D:5      | Reached XP level 7. HP: 52/52 MP: 10/10
  2936 | D:5      | Found an ancient bone altar of Kikubaaqudgha.
  3564 | D:5      | Reached XP level 8. HP: 59/60 MP: 12/12
  3812 | D:6      | Noticed Prince Ribbit
  3840 | D:6      | Killed Prince Ribbit
  4149 | D:6      | You fall into a shaft and drop 1 floor!
  4154 | D:7      | Found Nioniuxof's Assorted Antiques.
  4183 | D:7      | Reached XP level 9. HP: 46/66 MP: 14/14
  4299 | D:7      | Bought a scroll labelled NEIHUR SOIMOGO for 31 gold pieces
  4299 | D:7      | Bought a runed marble ring for 155 gold pieces
  4492 | D:7      | Found a snail-covered altar of Cheibriados.
  4528 | D:7      | Reached skill level 5 in Fighting
  4666 | D:7      | Noticed a hornet
  4672 | D:7      | Killed a hornet
  4802 | D:7      | Reached skill level 8 in Unarmed Combat
  4914 | D:7      | Noticed a two-headed ogre
  4915 | D:7      | Noticed a troll
  4923 | D:7      | Reached skill level 5 in Invocations
  4934 | D:7      | Killed a two-headed ogre
  4935 | D:7      | Reached XP level 10. HP: 34/75 MP: 15/17
  4951 | D:7      | Reached skill level 5 in Short Blades
  4951 | D:7      | Reached skill level 5 in Long Blades
  4951 | D:7      | Reached skill level 5 in Axes
  4951 | D:7      | Reached skill level 5 in Maces & Flails
  4951 | D:7      | Reached skill level 5 in Polearms
  4951 | D:7      | Reached skill level 5 in Staves
  4951 | D:7      | Reached skill level 5 in Ranged Weapons
  4951 | D:7      | Reached skill level 5 in Throwing
  4951 | D:7      | Reached skill level 5 in Armour
  4951 | D:7      | Reached skill level 5 in Stealth
  4951 | D:7      | Reached skill level 5 in Shields
  4951 | D:7      | Reached skill level 5 in Spellcasting
  4951 | D:7      | Reached skill level 5 in Evocations
  4976 | D:7      | Slain by a troll

Illustrated notes

Levels and vault maps discovered:
D:1:      reono_arrival_mine, layout_rooms, serial_bayou_lagoon_b
D:2:      layout_basic
D:3:      layout_loops_ring
D:4:      layout_cave_pools, mainiacjoe_overflow_cross_hatched,
          trog_butcher_becter, minmay_temple_entry_overgrown, serial_glass,
          glass_columns_c, glass_columns_b
D:5:      layout_loops_corners, kiku_gazebo_pond_becter,
          kennysheep_decorative_pillar, uniq_grinder
D:6:      minmay_bubble_buster, layout_basic, uniq_prince_ribbit1
D:7:      minmay_the_grid_square_5x5_3x3
          [minmay_the_grid_square_5x5_three_small,
          minmay_the_grid_square_5x5_detours,
          minmay_the_grid_square_5x5_two_small,
          minmay_the_grid_square_5x5_shuriken,
          minmay_the_grid_square_5x5_megaprize_open,
          minmay_the_grid_square_5x5_n_small,
          minmay_the_grid_square_5x5_bracketed,
          minmay_the_grid_square_5x5_checkered_statues,
          minmay_the_grid_square_5x5_almost_minimal], layout_cave_pods,
          mainiacjoe_overflow_small_starburst, ashenzari_conservatory_becter,
          serial_shops, shop, nicolae_shop_dragon_depot, grunt_ministairs_8
Temple:   nicolae_temple_figure_eight

Skill      XL: |  1  2  3  4  5  6  7  8  9 10 |
---------------+-------------------------------+-----
Invocations    | 1 2 3 4 5 |  5.6
Short Blades   | 1 2 3 4 5 |  5.1
Long Blades    | 1 2 3 4 5 |  5.1
Axes           | 1 2 3 4 5 |  5.1
Maces & Flails | 1 2 3 4 5 |  5.1
Polearms       | 1 2 3 4 5 |  5.1
Staves         | 1 2 3 4 5 |  5.1
Ranged Weapons | 1 2 3 4 5 |  5.1
Throwing       | 1 2 3 4 5 |  5.1
Armour         | 1 2 3 4 5 |  5.1
Stealth        | 1 2 3 4 5 |  5.1
Shields        | 1 2 3 4 5 |  5.1
Spellcasting   | 1 2 3 4 5 |  5.1
Evocations     | 1 2 3 4 5 |  5.1
Conjurations   | 1 2 3 4 |  4.2
Hexes          | 1 2 3 4 |  4.2
Summonings     | 1 2 3 4 |  4.2
Necromancy     | 1 2 3 4 |  4.2
Translocations | 1 2 3 4 |  4.2
Transmutations | 1 2 3 4 |  4.2
Fire Magic     | 1 2 3 4 |  4.2
Ice Magic      | 1 2 3 4 |  4.2
Air Magic      | 1 2 3 4 |  4.2
Earth Magic    | 1 2 3 4 |  4.2
Poison Magic   | 1 2 3 4 |  4.2
Fighting       | 3 4 5 |  5.8
Dodging        | 5 6 |  6.9
Unarmed Combat | 7 8 |  8.4
Shapeshifting  | 7 |  7.9

Action                     |  1- 3 |  4- 6 |  7- 9 | 10-12 || total
---------------------------+-------+-------+-------+-------++-------
  Melee: Unarmed           |    97 |   136 |   231 |    32 ||   496
         Bite              |     8 |    17 |    31 |     5 ||    61
    Use: Potion            |       |       |     3 |     5 ||     8
 Armour: Animal skin       |    25 |       |       |       ||    25
         Ring mail         |     4 |    42 |   119 |    13 ||   178
  Dodge: Dodged            |    61 |    59 |   214 |    15 ||   349
   Form: Flux              |     1 |       |       |       ||     1

Table legend: (Time is in decaauts)
 A = Elapsed time spent in this place.
 B = Non-inter-level travel time spent in this place.
 C = Inter-level travel time spent in this place.
 D = Time resting spent in this place.
 E = Time spent auto-exploring this place.
 F = Levels seen in this place.
 G = Mean time per level.
                   A        B        C        D        E       F      G
               +--------+--------+--------+--------+--------+-----+--------+
         Total |   4923 |   4584 |    339 |      0 |   3663 |   8 |  615.4 |
       Dungeon |   4737 |   4572 |    165 |      0 |   3663 |   7 |  676.7 |
        Temple |    185 |     11 |    174 |      0 |      0 |   1 |  185.0 |
               +--------+--------+--------+--------+--------+-----+--------+

Top non-repeatable levels by time:
     D:3: 914 daAuts
     D:7: 798 daAuts
     D:5: 768 daAuts
     D:2: 639 daAuts
     D:1: 626 daAuts
     D:4: 503 daAuts
     D:6: 486 daAuts
  Temple: 185 daAuts
